 Dungeon Crawl Stone Soup version 0.31.0-12-g77e489cdc1 (webtiles) character file.

Game seed: 15484708440585318433

34 hawla the Firebug (level 3, -1/20 HPs)
             Began as a Deep Elf Fire Elementalist on Feb 13, 2024.
             Succumbed to an adder's poison
             ... on level 2 of the Dungeon.
             The game lasted 00:03:34 (1164 turns).

hawla the Firebug (Deep Elf Fire Elementalist)      Turns: 1164, Time: 00:03:35

Health: -1/20      AC:  9    Str:  5    XL:     3   Next: 14%
Magic:  1/9        EV: 12    Int: 21    God:
Gold:   76         SH:  0    Dex: 15    Spells: 5/8 levels left

rFire   . . .        c - +5 great sword (flame)
rCold   . . .        (shield currently unavailable)
rNeg    . . .        a - +0 robe
rPois   .            f - +2 helmet
rElec   .            e - +2 cloak
rCorr   .            i - +0 pair of gloves
SInv    .            (no boots)
Will    .....        (no amulet)
Stlth   ++           (no ring)
HPRegen 0.23/turn    (no ring)
MPRegen 0.11/turn

%: no passive effects
@: brilliant, lethally poisoned (-1 -> -8)
A: no striking features
a: no special abilities


You were on level 2 of the Dungeon.
You visited 1 branch of the dungeon, and saw 2 of its levels.

You collected 76 gold pieces.

Inventory:

Hand Weapons
 c - a +5 great sword of flaming (weapon)
Armour
 a - a +0 robe (worn)
 e - a +2 cloak (worn)
 f - a +2 helmet (worn)
 i - a +0 pair of gloves (worn)
Scrolls
 d - 2 scrolls of vulnerability
Potions
 b - a potion of magic


   Skills:
 - Level 1.0 Fighting
 - Level 2.4 Dodging
 - Level 3.0 Stealth
 - Level 3.0 Spellcasting
 + Level 2.6 Conjurations
 - Level 3.2 Fire Magic


You had 5 spell levels left.
You knew the following spells:

 Your Spells              Type           Power      Damage    Failure   Level
a - Foxfire               Conj/Fire      92%        2x1d8     4%          1
b - Scorch                Fire           50%        2d7       5%          2

Your spell library contained the following spells:

 Spells                   Type           Power      Damage    Failure   Level
 Inner Flame              Hex/Fire       15%        N/A       21%         3
 Volatile Blastmotes      Fire/Tloc      30%        2d12      21%         3
 Flame Wave               Conj/Fire      23%        2d8       36%         4


Dungeon Overview and Level Annotations

Branches:
Dungeon (2/15)

Altars:


Message History

The adder attacks as it pursues you! The adder bites you but does no damage.
The adder bites you.
You are poisoned.
The adder poisons you!
You feel sick. The adder barely misses you.
You feel sick.
You feel sick.
Casting: Foxfire (safe; 4% risk of failure)
Confirm with . or Enter, or press ? or * to list all spells.
You don't have enough magic to cast this spell.
It was a potion of brilliance.
You feel clever all of a sudden.
You feel sick.
The adder bites you but does no damage. x2
Okay, then.
You feel sick.
You feel sick.
You are no longer poisoned.
The adder bites you.
* * * LOW HITPOINT WARNING * * *
You are lethally poisoned!
The adder poisons you!
Casting: Foxfire (safe; 4% risk of failure)
Confirm with . or Enter, or press ? or * to list all spells.
You feel a surge of power!
Flames lash the adder.
The adder is severely wounded.
The adder's fire resistance burns away.
* * * LOW HITPOINT WARNING * * *
You feel sick. The adder barely misses you.
Okay, then.
Okay, then.
Okay, then.
* * * LOW HITPOINT WARNING * * *
You feel sick. The adder attacks as it pursues you!
The adder closely misses you.
* * * LOW HITPOINT WARNING * * *
You feel sick. The adder bites you.
* * * LOW HITPOINT WARNING * * *
You are more poisoned.
The adder poisons you!
You die...

******* ***** *,,,,,***,,>*
*******,***,*,,,*,* *,,,,,,,*
*,*,***,* ******
*,###***###....,,,*
***,,,,****###,..#####..(..#****
*,,,,,,,,,,,...#.#.........*
*,,,,,,,,****#.#..........#*
*,,,,,,,,* #..@#,***....#
***,,,**** ###.#,,,<<...#
*,***** #S#######.#*
*,,,,,*******#.........###
*****,**......########.†.#
*,**......,,,,,* #.#.#
*,**......****,**#.#.# *
*,,,......* *,,,.†#.#
**********################.#


You could see an adder (combustible).

Vanquished Creatures
  An adder (D:2)
  2 dart slugs
  2 endoplasms
  2 giant cockroaches (D:2)
  4 goblins
  2 hobgoblins (D:1)
  2 jackals (D:1)
  A kobold (D:2)
  A bat (D:1)
  A rat (D:2)
18 creatures vanquished.

Vanquished Creatures (others)
  31 foxfires
31 creatures vanquished.

Grand Total: 49 creatures vanquished

Notes
Turn   | Place    | Note
-------+----------+-------------------------------------------
     0 | D:1      | hawla the Deep Elf Fire Elementalist began the quest for
                  | the Orb.
     0 | D:1      | Reached XP level 1. HP: 10/10 MP: 6/6
   217 | D:1      | Reached skill level 1 in Fighting
   403 | D:1      | Reached XP level 2. HP: 16/16 MP: 2/8
   547 | D:1      | Learned a level 2 spell: Scorch
   984 | D:2      | Identified a scroll of acquirement
   984 | D:2      | Acquired a +5 great sword of flaming
  1150 | D:2      | Reached XP level 3. HP: 11/20 MP: 0/9
  1163 | D:2      | HP: 1/20 [adder (1)]
  1164 | D:2      | Succumbed to an adder's poison

Illustrated notes

Levels and vault maps discovered:
D:1:      tarquinn_simple_flora_water_c, layout_loops_ring
D:2:      layout_basic, basic_ecumenical_altar, lightli_corner_chamber,
          uniq_natasha

Skill      XL: |  1  2 |
---------------+-------+-----
Fighting       | 1 |  1.0
Stealth        | 3 |  3.0
Conjurations   | 2 |  2.6
Dodging        | |  2.4
Spellcasting   | |  3.0
Fire Magic     | |  3.2

Action                     || total
---------------------------++-------
  Melee: Unarmed           ||     2
         Great sword       ||    14
   Cast: Foxfire           ||    22
         Scorch            ||     6
    Use: Scroll            ||     4
         Potion            ||     1
   Stab: Sleeping          ||     1
 Armour: Robe              ||    29
  Dodge: Dodged            ||    21
